[Event "Hungarian Rapid-ch 2022"]
[Site "Ajka"]
[Date "2022.07.16"]
[Round "8.29"]
[White "Kovacs, Klara"]
[Black "Kiss, Gergely"]
[Result "1-0"]
[ECO "A46"]
[WhiteElo "2098"]
[BlackElo "2166"]
[Annotator "ChessBase"]
[PlyCount "59"]
[EventDate "2022.07.15"]
[EventType "swiss"]
[EventCountry "HUN"]
[SourceTitle "playchess.com"]
[Source "ChessBase"]
[SourceQuality "1"]
[TimeControl "900+10"]

1. d4 Nf6 2. Nf3 d5 3. g3 c5 4. Bg2 e6 5. O-O Nc6 6. c4 Be7 7. dxc5 Bxc5 8. cxd5 exd5 9. Bg5 Be6 10. Nc3 d4 11. Ne4 Be7 12. Nxf6+ Bxf6 13. Bxf6 Qxf6 14. b4 Rd8 15. b5 Ne7 16. Qa4 Bd5 17. Rfd1 O-O 18. Qxa7 d3 19. Qe3 dxe2 20. Qxe2 Rfe8 21. Qe5 Qb6 22. a4 Bb3 23. Rxd8 Qxd8 24. Qe3 Bxa4 25. Ng5 Bc2 26. Bxb7 h6 27. Nf3 Nf5 28. Qc5 Re2 29. Ra8 Qxa8 30. Bxa8 1-0

[Event "Hungarian Rapid-ch 2022"]
[Site "Ajka"]
[Date "2022.07.16"]
[Round "8.30"]
[White "Majoros, Rozsa Evelin"]
[Black "Udvardi, Zalan"]
[Result "0-1"]
[ECO "B40"]
[WhiteElo "2059"]
[BlackElo "2310"]
[Annotator "ChessBase"]
[PlyCount "60"]
[EventDate "2022.07.15"]
[EventType "swiss"]
[EventCountry "HUN"]
[SourceTitle "playchess.com"]
[Source "ChessBase"]
[SourceQuality "1"]
[TimeControl "900+10"]

1. e4 c5 2. Nf3 e6 3. d4 cxd4 4. Nxd4 Nf6 5. Nc3 Nc6 6. Ndb5 Bc5 7. Bf4 O-O 8. e5 a6 9. exf6 Qxf6 10. Ne4 Qxf4 11. Nxc5 Qe5+ 12. Be2 Qxc5 13. Nc3 Nd4 14. O-O Nxe2+ 15. Qxe2 d5 16. Rad1 Bd7 17. Rfe1 Rac8 18. Qg4 Bc6 19. h4 Rcd8 20. h5 h6 21. Rd3 Qe7 22. Qd4 Rfe8 23. Rg3 e5 24. Qg4 Qf6 25. Rf3 Qe6 26. Rf5 Bd7 27. Qf3 Qxf5 28. Qxd5 Bc6 29. Qc5 Qg5 30. g3 Qxh5 0-1

[Event "Hungarian Rapid-ch 2022"]
[Site "Ajka"]
[Date "2022.07.16"]
[Round "9.1"]
[White "Czebe, Attila"]
[Black "Berkes, Ferenc"]
[Result "1/2-1/2"]
[ECO "B11"]
[WhiteElo "2385"]
[BlackElo "2649"]
[Annotator "ChessBase"]
[PlyCount "56"]
[EventDate "2022.07.15"]
[EventType "swiss"]
[EventCountry "HUN"]
[SourceTitle "playchess.com"]
[Source "ChessBase"]
[SourceQuality "1"]
[TimeControl "900+10"]

1. e4 c6 2. Nc3 d5 3. Nf3 Bg4 4. h3 Bxf3 5. Qxf3 e6 6. Be2 Bc5 7. O-O Nd7 8. Qg3 Bd4 9. d3 Ne7 10. Kh1 O-O 11. f4 f5 12. Be3 Bxe3 13. Qxe3 Qb6 14. Qxb6 axb6 15. a3 b5 16. Rae1 Nc5 17. exd5 exd5 18. Bh5 Nc8 19. Ne2 g6 20. Bf3 Ne6 21. g3 Kf7 22. Bg2 Nb6 23. Ng1 Nd7 24. Nf3 Rae8 25. Kg1 Kf6 26. h4 Nec5 27. Ng5 Kg7 28. h5 Rg8 1/2-1/2

[Event "Hungarian Rapid-ch 2022"]
[Site "Ajka"]
[Date "2022.07.16"]
[Round "9.2"]
[White "Gledura, Benjamin"]
[Black "Aczel, Gergely"]
[Result "1/2-1/2"]
[ECO "E00"]
[WhiteElo "2637"]
[BlackElo "2499"]
[Annotator "ChessBase"]
[PlyCount "82"]
[EventDate "2022.07.15"]
[EventType "swiss"]
[EventCountry "HUN"]
[SourceTitle "playchess.com"]
[Source "ChessBase"]
[SourceQuality "1"]
[TimeControl "900+10"]

1. d4 Nf6 2. c4 e6 3. a3 d5 4. cxd5 exd5 5. Nc3 c6 6. Bf4 Bd6 7. Bxd6 Qxd6 8. e3 Bf5 9. Qf3 Bg6 10. h4 Bh5 11. Qf4 Qxf4 12. exf4 Bg4 13. f3 Bc8 14. h5 Nbd7 15. O-O-O O-O 16. g4 Ne8 17. Nh3 Nd6 18. Nf2 Nb6 19. Nd3 Bd7 20. f5 h6 21. Ne5 Rfe8 22. Bd3 f6 23. Nxd7 Nxd7 24. Rde1 Kf7 25. Kd2 a5 26. Ne2 Nf8 27. Nf4 Rxe1 28. Rxe1 Re8 29. Rxe8 Nxe8 30. a4 Nc7 31. Kc3 Nd7 32. b4 axb4+ 33. Kxb4 b6 34. Kc3 Ke7 35. Ng6+ Kd6 36. f4 c5 37. Bb5 cxd4+ 38. Kxd4 Nc5 39. Nf8 Nb3+ 40. Kc3 Nc5 41. Kd4 Nb3+ 1/2-1/2

[Event "Hungarian Rapid-ch 2022"]
[Site "Ajka"]
[Date "2022.07.16"]
[Round "9.3"]
[White "Balog, Imre"]
[Black "Jakab, Attila"]
[Result "1-0"]
[ECO "D02"]
[WhiteElo "2594"]
[BlackElo "2311"]
[Annotator "ChessBase"]
[PlyCount "56"]
[EventDate "2022.07.15"]
[EventType "swiss"]
[EventCountry "HUN"]
[SourceTitle "playchess.com"]
[Source "ChessBase"]
[SourceQuality "1"]
[TimeControl "900+10"]

1. d4 d5 2. Nf3 e6 3. Bf4 Bd6 4. Bg3 Ne7 5. Nbd2 c5 6. e4 Bxg3 7. hxg3 cxd4 8. Nxd4 Nbc6 9. Bb5 Qb6 10. c3 Bd7 11. exd5 Nxd4 12. Bxd7+ Kxd7 13. cxd4 Nxd5 14. Qg4 g6 15. O-O h5 16. Qe4 Rhc8 17. b3 Ke7 18. Nc4 Qc7 19. Rad1 Kf8 20. Rd3 Nf6 21. Qh4 Kg7 22. Ne5 Nd7 23. Re1 Qa5 24. Re2 Rc1+ 25. Kh2 Rd8 26. Nxf7 Kxf7 27. Rf3+ Kg8 28. Qf4 Rc6 1-0

[Event "Hungarian Rapid-ch 2022"]
[Site "Ajka"]
[Date "2022.07.16"]
[Round "9.4"]
[White "Hera, Imre Jr."]
[Black "Csonka, Balazs"]
[Result "1/2-1/2"]
[ECO "A08"]
[WhiteElo "2568"]
[BlackElo "2495"]
[Annotator "ChessBase"]
[PlyCount "67"]
[EventDate "2022.07.15"]
[EventType "swiss"]
[EventCountry "HUN"]
[SourceTitle "playchess.com"]
[Source "ChessBase"]
[SourceQuality "1"]
[TimeControl "900+10"]

1. Nf3 d5 2. g3 Nf6 3. Bg2 e6 4. O-O Be7 5. d3 O-O 6. Nbd2 c5 7. e4 Nc6 8. Re1 b5 9. e5 Nd7 10. Nf1 Bb7 11. h4 Qc7 12. Bf4 Rfc8 13. N1h2 a5 14. h5 h6 15. Ng4 Qd8 16. Qd2 Bf8 17. Ngh2 Ra6 18. g4 Be7 19. Re2 a4 20. Rae1 a3 21. b3 c4 22. bxc4 bxc4 23. dxc4 Nb6 24. g5 Nxc4 25. Qc1 hxg5 26. Bxg5 N6xe5 27. Bxe7 Nxf3+ 28. Nxf3 Qxe7 29. h6 Qf6 30. hxg7 Qxg7 31. Kh2 Kf8 32. Qf4 Ke7 33. Bh3 Qf6 34. Qg3 1/2-1/2

[Event "Hungarian Rapid-ch 2022"]
[Site "Ajka"]
[Date "2022.07.16"]
[Round "9.5"]
[White "Kozak, Adam"]
[Black "Tolnai, Tibor"]
[Result "1-0"]
[ECO "A05"]
[WhiteElo "2522"]
[BlackElo "2433"]
[Annotator "ChessBase"]
[PlyCount "63"]
[EventDate "2022.07.15"]
[EventType "swiss"]
[EventCountry "HUN"]
[SourceTitle "playchess.com"]
[Source "ChessBase"]
[SourceQuality "1"]
[TimeControl "900+10"]

1. Nf3 Nf6 2. c4 b6 3. g3 Bb7 4. Bg2 g6 5. O-O Bg7 6. d4 e6 7. Nc3 Ne4 8. Nxe4 Bxe4 9. Bg5 f6 10. Bf4 O-O 11. Qd2 Nc6 12. Rfd1 Ne7 13. Rac1 g5 14. Be3 Nf5 15. d5 e5 16. c5 h6 17. b4 a5 18. b5 Bxf3 19. Bxf3 Nxe3 20. Qxe3 f5 21. d6 Rb8 22. c6 dxc6 23. Rxc6 cxd6 24. Rdxd6 Qe7 25. Bd5+ Kh7 26. Rxb6 Rbd8 27. Rxd8 Rxd8 28. Qf3 Rf8 29. Qh5 Rf6 30. Rxf6 Qxf6 31. Qe8 Qf8 32. Qd7 1-0

[Event "Hungarian Rapid-ch 2022"]
[Site "Ajka"]
[Date "2022.07.16"]
[Round "9.6"]
[White "Horvath, Adam"]
[Black "Csiszar, Csaba"]
[Result "1/2-1/2"]
[ECO "B30"]
[WhiteElo "2520"]
[BlackElo "2389"]
[Annotator "ChessBase"]
[PlyCount "195"]
[EventDate "2022.07.15"]
[EventType "swiss"]
[EventCountry "HUN"]
[SourceTitle "playchess.com"]
[Source "ChessBase"]
[SourceQuality "1"]
[TimeControl "900+10"]

1. e4 c5 2. Nf3 Nc6 3. Bb5 d6 4. O-O Bd7 5. Re1 Nf6 6. c3 a6 7. Bc4 b5 8. Bf1 Bg4 9. d4 cxd4 10. cxd4 e5 11. Be3 Be7 12. d5 Nd4 13. Bxd4 exd4 14. Nbd2 Nd7 15. h3 Bh5 16. a4 bxa4 17. g4 Bg6 18. Nxd4 Bg5 19. N2f3 Bf4 20. Nc6 Qc7 21. Rxa4 O-O 22. Nh4 Ne5 23. Ng2 Nxc6 24. Rc4 Qa7 25. Rxc6 Be5 26. Rxa6 Qc5 27. Rc6 Qa7 28. b4 Rfb8 29. b5 Bd4 30. Qd2 Bc5 31. Nf4 Re8 32. Bg2 Qa4 33. Nxg6 hxg6 34. Qd3 Rab8 35. Bf1 Qa2 36. Re2 Qa1 37. Kg2 Re7 38. Rc2 Qe5 39. f3 Ra7 40. Ra6 Rab7 41. Qc3 Qf4 42. Rca2 Rxb5 43. Bxb5 Rxb5 44. Ra8+ Kh7 45. Qd2 Be3 46. Qe1 g5 47. R8a3 Bd4 48. e5 Bxe5 49. Qe4+ Qxe4 50. fxe4 Rb4 51. Kf3 Rb1 52. Rc2 Rh1 53. Ra8 Rxh3+ 54. Ke2 Rg3 55. Rc7 Kg6 56. Raa7 Rxg4 57. Rxf7 Rxe4+ 58. Kf3 Rd4 59. Rfe7 Rxd5 60. Re8 Rd3+ 61. Ke4 Rd4+ 62. Ke3 Rb4 63. Ra6 Kf5 64. Rf8+ Kg6 65. Re8 Bf4+ 66. Kf3 Rb3+ 67. Kf2 g4 68. Ra4 Rb2+ 69. Kf1 Kf7 70. Rh8 g5 71. Rh6 Kg7 72. Re6 g3 73. Ra7+ Kf8 74. Re2 Rxe2 75. Kxe2 g2 76. Ra8+ Ke7 77. Kf2 Ke6 78. Kxg2 Ke5 79. Kf3 d5 80. Re8+ Kd4 81. Rd8 Kc4 82. Rc8+ Kd3 83. Ra8 d4 84. Ra3+ Kc2 85. Ke4 Be3 86. Ra5 Kd2 87. Ra2+ Kc3 88. Ra5 Kc4 89. Ra8 Kc3 90. Ra2 Kb3 91. Ra5 g4 92. Kd3 g3 93. Rb5+ Ka4 94. Rb2 Bf2 95. Kc4 Ka3 96. Rb3+ Ka2 97. Rxg3 Bxg3 98. Kxd4 1/2-1/2

[Event "Hungarian Rapid-ch 2022"]
[Site "Ajka"]
[Date "2022.07.16"]
[Round "9.7"]
[White "Bagi, Mate"]
[Black "Leviczky, Tibor"]
[Result "1/2-1/2"]
[ECO "B41"]
[WhiteElo "2460"]
[BlackElo "2281"]
[Annotator "ChessBase"]
[PlyCount "64"]
[EventDate "2022.07.15"]
[EventType "swiss"]
[EventCountry "HUN"]
[SourceTitle "playchess.com"]
[Source "ChessBase"]
[SourceQuality "1"]
[TimeControl "900+10"]

1. e4 c5 2. Nf3 e6 3. d4 cxd4 4. Nxd4 a6 5. Be2 Nf6 6. Nc3 Qc7 7. f4 d6 8. O-O Be7 9. Be3 O-O 10. a4 Nc6 11. Kh1 Rb8 12. Bf3 Rd8 13. Nb3 b6 14. g4 Bb7 15. g5 Nd7 16. Bg2 Nb4 17. Rf2 Nc5 18. Nd4 d5 19. e5 Ne4 20. Nxe4 dxe4 21. Rd2 Bc5 22. Qe2 Nd5 23. c3 Bxd4 24. cxd4 Ne7 25. Bg1 Nf5 26. Rc2 Qe7 27. Rac1 Nxd4 28. Bxd4 Rxd4 29. Rc7 Rd7 30. Qc4 g6 31. Rxd7 Qxd7 32. Qc7 Qxc7 1/2-1/2

[Event "Hungarian Rapid-ch 2022"]
[Site "Ajka"]
[Date "2022.07.16"]
[Round "9.8"]
[White "Prohaszka, Peter"]
[Black "Krstulovic, Alex"]
[Result "1-0"]
[ECO "D85"]
[WhiteElo "2570"]
[BlackElo "2413"]
[Annotator "ChessBase"]
[PlyCount "73"]
[EventDate "2022.07.15"]
[EventType "swiss"]
[EventCountry "HUN"]
[SourceTitle "playchess.com"]
[Source "ChessBase"]
[SourceQuality "1"]
[TimeControl "900+10"]

1. d4 Nf6 2. c4 g6 3. Nc3 d5 4. cxd5 Nxd5 5. e4 Nxc3 6. bxc3 Bg7 7. Nf3 c5 8. Bb5+ Nd7 9. O-O O-O 10. Rb1 Nf6 11. Re1 a6 12. Bf1 b6 13. d5 Bg4 14. c4 e5 15. Qb3 Bxf3 16. Qxf3 Ne8 17. Qb3 Rb8 18. Qa4 Qc8 19. Qc6 Qxc6 20. dxc6 Nc7 21. Rd1 Na8 22. Rd7 Rbd8 23. g3 Rxd7 24. cxd7 f6 25. Bh3 Kf7 26. f4 Ke7 27. Be3 f5 28. exf5 gxf5 29. Rd1 exf4 30. gxf4 Nc7 31. Bxf5 Rd8 32. Bf2 Bf6 33. Kg2 h6 34. Kf3 Kf7 35. Rd6 b5 36. Rc6 bxc4 37. Rxc7 1-0

[Event "Hungarian Rapid-ch 2022"]
[Site "Ajka"]
[Date "2022.07.16"]
[Round "9.9"]
[White "Korpa, Bence"]
[Black "Kaczur, Florian"]
[Result "1/2-1/2"]
[ECO "A45"]
[WhiteElo "2537"]
[BlackElo "2482"]
[Annotator "ChessBase"]
[PlyCount "23"]
[EventDate "2022.07.15"]
[EventType "swiss"]
[EventCountry "HUN"]
[SourceTitle "playchess.com"]
[Source "ChessBase"]
[SourceQuality "1"]
[TimeControl "900+10"]

1. d4 Nf6 2. Nc3 c5 3. d5 d6 4. g3 e5 5. Bg2 g6 6. e4 Bg7 7. Nge2 a6 8. a4 b6 9. O-O Nbd7 10. h3 h6 11. Be3 O-O 12. Qd2 1/2-1/2

[Event "Hungarian Rapid-ch 2022"]
[Site "Ajka"]
[Date "2022.07.16"]
[Round "9.10"]
[White "Vertetics, Attila"]
[Black "Egresi, Mate"]
[Result "1/2-1/2"]
[ECO "D02"]
[WhiteElo "2465"]
[BlackElo "2376"]
[Annotator "ChessBase"]
[PlyCount "129"]
[EventDate "2022.07.15"]
[EventType "swiss"]
[EventCountry "HUN"]
[SourceTitle "playchess.com"]
[Source "ChessBase"]
[SourceQuality "1"]
[TimeControl "900+10"]

1. d4 d5 2. Nf3 Nf6 3. c4 e6 4. e3 c5 5. cxd5 Nxd5 6. e4 Nf6 7. Nc3 cxd4 8. Qxd4 Qxd4 9. Nxd4 a6 10. f3 Bc5 11. Nb3 Ba7 12. Bf4 Nc6 13. Bd6 Bb8 14. Bc5 Ba7 15. Rc1 Bxc5 16. Nxc5 Nd7 17. N3a4 Nxc5 18. Rxc5 Bd7 19. Nb6 Rb8 20. Kf2 Ke7 21. e5 Rhd8 22. Bd3 Be8 23. Ke3 Rd4 24. a3 Rbd8 25. Be2 f6 26. exf6+ gxf6 27. Rhc1 Rd2 28. Nc4 R2d5 29. Rxd5 Rxd5 30. f4 Nd4 31. Nb6 Nf5+ 32. Kf2 Rd2 33. Nc4 Rd8 34. Ne3 Nd4 35. Rc7+ Rd7 36. Rxd7+ Bxd7 37. Bd3 f5 38. h3 Bb5 39. Bb1 h6 40. g4 Kf6 41. h4 fxg4 42. Nxg4+ Kg7 43. Ke3 Nc6 44. Be4 Ba4 45. Ne5 Nxe5 46. fxe5 b6 47. Kd4 Kf7 48. b4 Ke7 49. Bb7 Bb5 50. a4 Bxa4 51. Bxa6 Bc6 52. Bc4 Bf3 53. Ke3 Bd1 54. Bd3 Kd7 55. Kd4 Bb3 56. Be2 Ke7 57. Bc4 Bd1 58. Ke3 Bc2 59. Kf4 Bd1 60. Bf1 Kf7 61. Bh3 Ke7 62. Bg4 Bc2 63. Bf3 Bg6 64. Be4 Bh5 65. Bd3 1/2-1/2

[Event "Hungarian Rapid-ch 2022"]
[Site "Ajka"]
[Date "2022.07.16"]
[Round "9.11"]
[White "Margl, Roland"]
[Black "Antal, Gergely"]
[Result "0-1"]
[ECO "A05"]
[WhiteElo "2312"]
[BlackElo "2571"]
[Annotator "ChessBase"]
[PlyCount "48"]
[EventDate "2022.07.15"]
[EventType "swiss"]
[EventCountry "HUN"]
[SourceTitle "playchess.com"]
[Source "ChessBase"]
[SourceQuality "1"]
[TimeControl "900+10"]

1. Nf3 Nf6 2. c4 g6 3. d4 Bg7 4. g3 c6 5. Bg2 d5 6. cxd5 cxd5 7. Nc3 O-O 8. O-O Ne4 9. Ne5 Bf5 10. Qb3 Nc6 11. Nxc6 bxc6 12. Nxe4 dxe4 13. Rd1 Rb8 14. Qa4 Rb5 15. b4 Qb6 16. Be3 Rxb4 17. Qc2 Rb2 18. Qa4 a5 19. d5 Qb5 20. Qa3 cxd5 21. Qxe7 Qc4 22. Qd6 Be6 23. Qa3 Rc2 24. Rac1 Qxa2 0-1

[Event "Hungarian Rapid-ch 2022"]
[Site "Ajka"]
[Date "2022.07.16"]
[Round "9.12"]
[White "Straubinger, Daniel"]
[Black "Varga, Zoltan"]
[Result "0-1"]
[ECO "B02"]
[WhiteElo "2349"]
[BlackElo "2401"]
[Annotator "ChessBase"]
[PlyCount "60"]
[EventDate "2022.07.15"]
[EventType "swiss"]
[EventCountry "HUN"]
[SourceTitle "playchess.com"]
[Source "ChessBase"]
[SourceQuality "1"]
[TimeControl "900+10"]

1. e4 Nf6 2. Nc3 d5 3. exd5 Nxd5 4. Nxd5 Qxd5 5. d4 e5 6. dxe5 Qxd1+ 7. Kxd1 Nc6 8. Bb5 Bg4+ 9. f3 O-O-O+ 10. Bd2 Bd7 11. Bxc6 Bxc6 12. Ne2 Rd5 13. Nf4 Rxe5 14. Re1 Bd6 15. h3 Rg5 16. Re2 Bb5 17. Nd3 Rd5 18. Bc3 f6 19. a4 Bxd3 20. cxd3 Rxd3+ 21. Kc2 Rd5 22. Rae1 Kd7 23. Re4 h5 24. Bb4 c5 25. Bc3 b6 26. Kb3 a6 27. Kc2 Rc8 28. Bd2 Re5 29. Bf4 Rxe4 30. Rxe4 f5 0-1

[Event "Hungarian Rapid-ch 2022"]
[Site "Ajka"]
[Date "2022.07.16"]
[Round "9.13"]
[White "Mihok, Oliver"]
[Black "Hoang, Thanh Trang"]
[Result "1-0"]
[ECO "C00"]
[WhiteElo "2549"]
[BlackElo "2376"]
[Annotator "ChessBase"]
[PlyCount "51"]
[EventDate "2022.07.15"]
[EventType "swiss"]
[EventCountry "HUN"]
[SourceTitle "playchess.com"]
[Source "ChessBase"]
[SourceQuality "1"]
[TimeControl "900+10"]

1. e4 e6 2. d4 d5 3. Bd3 dxe4 4. Bxe4 Nf6 5. Bf3 c5 6. Ne2 Nc6 7. Be3 cxd4 8. Nxd4 Ne5 9. Nc3 a6 10. Qe2 Nxf3+ 11. gxf3 Qc7 12. O-O-O Bd7 13. Rhg1 O-O-O 14. f4 Bb4 15. Rd3 g6 16. Rgd1 Rhe8 17. Nf3 Bc6 18. Ne5 Rxd3 19. Qxd3 Bxc3 20. Qxc3 Nd5 21. Qc5 f6 22. Nc4 Rd8 23. Qa7 Kd7 24. Rd2 Ke8 25. Qc5 Bb5 26. Rxd5 1-0

[Event "Hungarian Rapid-ch 2022"]
[Site "Ajka"]
[Date "2022.07.16"]
[Round "9.14"]
[White "Horvath, Csaba"]
[Black "Hardicsay, Peter"]
[Result "1-0"]
[ECO "A04"]
[WhiteElo "2506"]
[BlackElo "2199"]
[Annotator "ChessBase"]
[PlyCount "57"]
[EventDate "2022.07.15"]
[EventType "swiss"]
[EventCountry "HUN"]
[SourceTitle "playchess.com"]
[Source "ChessBase"]
[SourceQuality "1"]
[TimeControl "900+10"]

1. Nf3 c5 2. c4 g6 3. e3 Bg7 4. d4 Nf6 5. Nc3 O-O 6. Be2 cxd4 7. exd4 d5 8. O-O Nc6 9. h3 b6 10. Ne5 Bb7 11. Bf3 Rc8 12. Re1 dxc4 13. Nxc4 Nxd4 14. Bxb7 Rxc4 15. Ba6 Rc7 16. Bf4 Rd7 17. Qa4 Nd5 18. Nxd5 Rxd5 19. Bf1 a5 20. Rac1 b5 21. Qa3 e5 22. Be3 Nf5 23. Bc5 b4 24. Qa4 Re8 25. Bb6 Qa8 26. Bb5 Rxb5 27. Qxb5 Nh4 28. Qc6 Bh6 29. Qxa8 1-0

[Event "Hungarian Rapid-ch 2022"]
[Site "Ajka"]
[Date "2022.07.16"]
[Round "9.15"]
[White "Kantor, Gergely"]
[Black "Kokeny, Gabor"]
[Result "1-0"]
[ECO "D15"]
[WhiteElo "2582"]
[BlackElo "2204"]
[Annotator "ChessBase"]
[PlyCount "58"]
[EventDate "2022.07.15"]
[EventType "swiss"]
[EventCountry "HUN"]
[SourceTitle "playchess.com"]
[Source "ChessBase"]
[SourceQuality "1"]
[TimeControl "900+10"]

1. d4 d5 2. c4 c6 3. Nf3 Nf6 4. Nc3 dxc4 5. e4 b5 6. Be2 e6 7. O-O Be7 8. a4 b4 9. e5 Nd5 10. Ne4 Ba6 11. Bg5 f6 12. Bh4 Nf4 13. Re1 fxe5 14. Bxe7 Qxe7 15. Nxe5 O-O 16. Nc5 Qg5 17. Bg4 h5 18. Nxe6 Qf6 19. Nxf8 hxg4 20. Qxg4 Qxf8 21. Re4 Bc8 22. Qxf4 Qxf4 23. Rxf4 Be6 24. Ng6 Bf7 25. Ne5 Be6 26. Rc1 c3 27. bxc3 b3 28. c4 Nd7 29. Nxc6 Bf7 1-0

[Event "Hungarian Rapid-ch 2022"]
[Site "Ajka"]
[Date "2022.07.16"]
[Round "9.16"]
[White "Mihok-Juhasz, Barbara"]
[Black "Lizak, Peter"]
[Result "0-1"]
[ECO "B12"]
[WhiteElo "2221"]
[BlackElo "2400"]
[Annotator "ChessBase"]
[PlyCount "122"]
[EventDate "2022.07.15"]
[EventType "swiss"]
[EventCountry "HUN"]
[SourceTitle "playchess.com"]
[Source "ChessBase"]
[SourceQuality "1"]
[TimeControl "900+10"]

1. e4 c6 2. d4 d5 3. e5 Bf5 4. h4 h6 5. g4 Bd7 6. Nc3 h5 7. gxh5 Bf5 8. Bd3 Bxd3 9. Qxd3 e6 10. Nf3 Nh6 11. Bg5 Qa5 12. O-O-O Nf5 13. Kb1 Na6 14. Ne2 c5 15. dxc5 Nxc5 16. Qd2 Qxd2 17. Nxd2 Nd7 18. Nf3 Bc5 19. Ng3 Ne7 20. Rd2 Nc6 21. Re1 Nb6 22. c3 Nc4 23. Rde2 a5 24. a4 b5 25. axb5 Na7 26. Nd2 Nxd2+ 27. Rxd2 Nxb5 28. Be3 Be7 29. Bg5 a4 30. c4 dxc4 31. Red1 c3 32. Rd7 f6 33. exf6 gxf6 34. Rb7 fxg5 35. Rxb5 gxh4 36. Ne4 cxb2 37. Kxb2 a3+ 38. Ka2 h3 39. Rh1 Rc8 40. Kb3 Ra8 41. Ka2 Rc8 42. Kb3 O-O 43. Rxh3 Rb8 44. Rg3+ Kh8 45. Rxb8 Rxb8+ 46. Ka2 Rb2+ 47. Ka1 Re2 48. Re3 Rxe3 49. fxe3 Kh7 50. Ng3 Kh6 51. Ka2 Kg5 52. Kb3 Bf8 53. Ne2 e5 54. Nc3 Kxh5 55. Kc4 Kg4 56. Kd5 Kf3 57. e4 Ke3 58. Na2 Kd3 59. Kxe5 Kc2 60. Kf6 Kb2 61. Kf7 Bc5 0-1

[Event "Hungarian Rapid-ch 2022"]
[Site "Ajka"]
[Date "2022.07.16"]
[Round "9.17"]
[White "Papp, Levente"]
[Black "Papp, Bence"]
[Result "1/2-1/2"]
[ECO "A05"]
[WhiteElo "2394"]
[BlackElo "2244"]
[Annotator "ChessBase"]
[PlyCount "174"]
[EventDate "2022.07.15"]
[EventType "swiss"]
[EventCountry "HUN"]
[SourceTitle "playchess.com"]
[Source "ChessBase"]
[SourceQuality "1"]
[TimeControl "900+10"]

1. Nf3 Nf6 2. g3 b5 3. Bg2 Bb7 4. O-O e6 5. d3 d5 6. e4 dxe4 7. Nfd2 Nbd7 8. Nc3 Rb8 9. Ndxe4 b4 10. Nxf6+ Nxf6 11. Bxb7 Rxb7 12. Qf3 Rb8 13. Ne4 Be7 14. Be3 a5 15. Ba7 Rc8 16. a3 c5 17. axb4 cxb4 18. c4 bxc3 19. bxc3 Nxe4 20. Qxe4 Bf6 21. Bd4 O-O 22. Bxf6 Qxf6 23. c4 Rc5 24. Qe3 Rf5 25. Ra3 Qb2 26. Rfa1 Re5 27. Qc1 Qb4 28. Qc3 Re2 29. Qxb4 axb4 30. Rb3 Rd2 31. Kf1 Rd8 32. Ke1 Rc2 33. Rxb4 h5 34. Rd1 Rd4 35. Rd2 Rc1+ 36. Ke2 h4 37. Rb5 Rh1 38. Ke3 Rd8 39. f4 hxg3 40. hxg3 Rg1 41. Kf2 Rc1 42. c5 Rd5 43. d4 g5 44. Rbb2 Kg7 45. Ke3 Re1+ 46. Re2 Rd1 47. Rbd2 Rc1 48. Rc2 Rd1 49. c6 Rd8 50. c7 Rc8 51. fxg5 Ra1 52. Rc5 Ra7 53. Rec2 Kf8 54. Ke4 Ke7 55. d5 exd5+ 56. Kxd5 Kd7 57. Ke5 Ra6 58. Kf5 Rd6 59. Re2 Ra6 60. Rd2+ Ke7 61. Re5+ Re6 62. Rxe6+ fxe6+ 63. Kg6 Rxc7 64. Ra2 e5 65. Rh2 Ke6 66. Rh8 e4 67. Ra8 Rc3 68. Re8+ Kd5 69. g4 Rg3 70. Kh5 Rh3+ 71. Kg6 Rg3 72. Kf5 Rf3+ 73. Kg6 Rg3 74. Kf7 Rxg4 75. g6 Kd4 76. Kf6 e3 77. g7 Kd3 78. Rd8+ Kc2 79. Re8 Kd2 80. Rd8+ Kc2 81. Re8 Kd2 82. Rd8+ Kc2 83. Rc8+ Kd2 84. Rc4 Rxg7 85. Kxg7 e2 86. Re4 e1=Q 87. Rxe1 Kxe1 1/2-1/2

[Event "Hungarian Rapid-ch 2022"]
[Site "Ajka"]
[Date "2022.07.16"]
[Round "9.18"]
[White "Juhasz, Zoltan"]
[Black "Emodi, Barnabas"]
[Result "1-0"]
[ECO "B23"]
[WhiteElo "1985"]
[BlackElo "2341"]
[Annotator "ChessBase"]
[PlyCount "69"]
[EventDate "2022.07.15"]
[EventType "swiss"]
[EventCountry "HUN"]
[SourceTitle "playchess.com"]
[Source "ChessBase"]
[SourceQuality "1"]
[TimeControl "900+10"]

1. e4 c5 2. Nc3 e6 3. Nge2 Nc6 4. g3 d5 5. exd5 exd5 6. d4 Bg4 7. Be3 Bf3 8. Rg1 c4 9. Bg2 Bxg2 10. Rxg2 Bb4 11. a3 Ba5 12. b4 Bc7 13. Nf4 Nge7 14. Qf3 Bxf4 15. gxf4 g6 16. b5 Nb8 17. Kf1 Qd7 18. Rg5 f6 19. Nxd5 Kf7 20. Nxe7 fxg5 21. fxg5+ Kxe7 22. Qf6+ Ke8 23. Qxh8+ Ke7 24. Qxh7+ Kf8 25. Qh8+ Kf7 26. Qf6+ Ke8 27. Qxg6+ Kd8 28. Qg8+ Kc7 29. Qxc4+ Kd8 30. g6 Qh3+ 31. Ke1 Qg4 32. Qd5+ Kc7 33. Qe5+ Kb6 34. Qc5+ Ka5 35. Bd2+ 1-0

[Event "Hungarian Rapid-ch 2022"]
[Site "Ajka"]
[Date "2022.07.16"]
[Round "9.19"]
[White "Lazarne Vajda, Szidonia"]
[Black "Gombocz, Ferenc Jr."]
[Result "1-0"]
[ECO "C55"]
[WhiteElo "2313"]
[BlackElo "2229"]
[Annotator "ChessBase"]
[PlyCount "95"]
[EventDate "2022.07.15"]
[EventType "swiss"]
[EventCountry "HUN"]
[SourceTitle "playchess.com"]
[Source "ChessBase"]
[SourceQuality "1"]
[TimeControl "900+10"]

1. e4 e5 2. Nf3 Nc6 3. Bc4 Nf6 4. d3 Be7 5. O-O O-O 6. h3 d6 7. c3 h6 8. Bb3 Na5 9. Bc2 c5 10. d4 cxd4 11. cxd4 Nc6 12. Nc3 Nh7 13. Nd5 Bg5 14. dxe5 dxe5 15. Ba4 Be6 16. Bxc6 bxc6 17. Nc3 Bxc1 18. Rxc1 f6 19. Qxd8 Rfxd8 20. b3 c5 21. Na4 c4 22. bxc4 Rac8 23. Nb2 Nf8 24. Rc2 Nd7 25. Nd2 Nc5 26. f3 Rb8 27. Nd1 Rd3 28. Nc3 a5 29. Nd5 a4 30. Kf2 a3 31. Ke2 Rd4 32. Ne7+ Kf7 33. Nc6 Rb6 34. Na7 Bd7 35. Nb1 Ba4 36. Rd2 Rb2 37. Rxb2 axb2 38. Na3 Nd3 39. Rb1 Nc1+ 40. Kf2 Rd2+ 41. Kg3 Ne2+ 42. Kh2 Nc3 43. Re1 Bd1 44. Re3 b1=Q 45. Nxb1 Nxb1 46. c5 Rxa2 47. Nb5 Nd2 48. Kg1 1-0

[Event "Hungarian Rapid-ch 2022"]
[Site "Ajka"]
[Date "2022.07.16"]
[Round "9.20"]
[White "Kolimar, Kristof Pal"]
[Black "Lakos, Nikoletta"]
[Result "1/2-1/2"]
[ECO "A04"]
[WhiteElo "2160"]
[BlackElo "2203"]
[Annotator "ChessBase"]
[PlyCount "80"]
[EventDate "2022.07.15"]
[EventType "swiss"]
[EventCountry "HUN"]
[SourceTitle "playchess.com"]
[Source "ChessBase"]
[SourceQuality "1"]
[TimeControl "900+10"]

1. Nf3 d6 2. d4 Nf6 3. c4 Bg4 4. g3 Bxf3 5. exf3 c6 6. Nc3 e6 7. d5 exd5 8. cxd5 c5 9. Be3 Be7 10. f4 O-O 11. Bh3 Qa5 12. Qb3 Nbd7 13. O-O a6 14. Bxd7 Nxd7 15. Qxb7 Rfd8 16. Qb3 Rab8 17. Qc2 Bf6 18. Ne4 Rb6 19. Bd2 Qb5 20. a4 Qxb2 21. Qxb2 Rxb2 22. Ba5 Re8 23. Nxd6 Ree2 24. Rae1 Bd4 25. Rxe2 Rxe2 26. Nf5 Ra2 27. Nxd4 cxd4 28. Re1 g6 29. Re7 Rxa4 30. Bd2 Ra2 31. Bb4 Rb2 32. Ba5 Rb5 33. Rxd7 Rxa5 34. Kf1 Kf8 35. d6 d3 36. Ke1 Rd5 37. Kd2 Ke8 38. Re7+ Kf8 39. Rd7 Ke8 40. Re7+ Kf8 1/2-1/2